Selects Airborne Battlegroup
Selects Smoke Bombing Run
Construct Weapon Support Center
Construct Medical Station
Selects Paratrooper Squad Paradrop
Improved M9 Bazooka Rockets
Paratrooper Squad Paradrop
Paratrooper Squad Paradrop
Paratrooper Squad Paradrop
Paratrooper Squad Paradrop
Paratrooper Squad Paradrop
Paratrooper Squad Paradrop
Paratrooper Squad Paradrop
Paratrooper Squad Paradrop
M18 Hellcat Tank Destroyer
Paratrooper Squad Paradrop
M18 Hellcat Tank Destroyer